 Dungeon Crawl Stone Soup version 0.30-a0-1160-g6e42c06551 (webtiles) character file.

Game seed: 437395055184942273

24357 jasper the Stormcaller (level 13, -2/76 HPs)
             Began as a Tengu Air Elementalist on Apr 25, 2023.
             Was a Priest of Vehumet.
             Slain by a wolf (5 damage)
             ... on level 3 of the Lair of Beasts.
             The game lasted 00:22:02 (18173 turns).

jasper the Stormcaller (Tengu Air Elementalist)    Turns: 18173, Time: 00:22:03

Health: -2/76      AC:  8    Str: 12    XL:     13   Next: 12%
Magic:  2/26       EV: 18    Int: 39    God:    Vehumet [***...]
Gold:   715        SH:  5    Dex: 13    Spells: 10/28 levels left

rFire   . . .        m - +5 mace "Xetughof" {flame, Fragile Str-2 Int+7 SInv}
rCold   . . .        U - +0 buckler
rNeg    . . .        M - +3 robe of the New World {Int+3}
rPois   .            (helmet restricted)
rElec   .            c - +1 cloak
rCorr   +            B - +0 pair of gloves
SInv    +            (boots unavailable)
Will    +....        I - amulet of magic regeneration
Stlth   +            Q - ring of Reimbursement {rCorr Str+4 Int+6 Stlth-}
HPRegen 0.32/turn    Z - ring "Cityol" {Will+ Int+4 Dex-2 SInv}
MPRegen 0.60/turn

%: no passive effects
@: flying quickly and evasively, studying Armour, quick
A: beak, talons 3, nimble flight
a: Renounce Religion


You were on level 3 of the Lair of Beasts.
You worshipped Vehumet.
Vehumet was most pleased with you.
You visited 3 branches of the dungeon, and saw 17 of its levels.
You also visited: Ossuary and Gauntlet.

You collected 715 gold pieces.

Inventory:

Hand Weapons
 m - the +5 mace "Xetughof" (weapon) {flame, Fragile Str-2 Int+7 SInv}
   (You found it on level 2 of the Dungeon)

   Str:       It affects your strength (-2).
   Int:       It affects your intelligence (+7).
   SInv:      It lets you see invisible.
   Fragile:   It will be destroyed if unequipped.
Missiles
 E - 32 poisoned darts
 T - 3 throwing nets
Armour
 c - a +1 cloak (worn)
 B - a +0 pair of gloves (worn)
 M - the +3 robe of the New World (worn) {Int+3}
   (You found it on level 8 of the Dungeon)

   Int:       It affects your intelligence (+3).
 R - a +0 kite shield
 U - a +0 buckler (worn)
Magical Staves
 G - a staff of earth
Jewellery
 t - a ring of resist corrosion
 v - a ring of protection from fire
 F - a ring of protection from cold
 I - an amulet of magic regeneration (around neck)
 K - an amulet of regeneration
 N - an amulet of guardian spirit
 Q - the ring of Reimbursement (left hand) {rCorr Str+4 Int+6 Stlth-}
   (You found it on level 8 of the Dungeon)

   [ring of intelligence]

   Str:       It affects your strength (+4).
   Int:       It affects your intelligence (+6).
   rCorr:     It protects you from acid and corrosion.
   Stlth:     It makes you less stealthy.
 V - a +6 ring of dexterity
 X - a +4 ring of protection
 Y - a ring of positive energy
 Z - the ring "Cityol" (right hand) {Will+ Int+4 Dex-2 SInv}
   (You found it in a Gauntlet)

   [ring of willpower]

   Int:       It affects your intelligence (+4).
   Dex:       It affects your dexterity (-2).
   SInv:      It lets you see invisible.
   Will:      It increases your willpower.
Wands
 a - a wand of iceblast (4)
 d - a wand of polymorph (7)
 H - a wand of flame (15)
 J - a wand of mindburst (19)
Scrolls
 g - 3 scrolls of fog
 n - a scroll of blinking
 q - 2 scrolls of amnesia
 u - 5 scrolls of magic mapping
 w - 4 scrolls of teleportation
 y - 2 scrolls of enchant armour
 C - 3 scrolls of immolation
 L - 2 scrolls of vulnerability
 O - a scroll of poison
 P - 4 scrolls of identify
Potions
 b - 3 potions of magic
 e - 2 potions of brilliance
 f - 10 potions of might
 h - 5 potions of curing
 j - 10 potions of degeneration
 k - 5 potions of attraction
 o - 5 potions of mutation
 p - 9 potions of heal wounds
 r - 3 potions of haste
 s - a potion of resistance
 x - a potion of flight
 z - a potion of invisibility
 A - 2 potions of cancellation {unknown}
 D - a potion of lignification {unknown}
 S - a potion of berserk rage {unknown}
Miscellaneous
 i - a box of beasts
 W - a condenser vane


   Skills:
 + Level 7.3 Fighting
 + Level 8.5 Dodging
 - Level 2.0 Stealth
 - Level 6.0 Shields
 + Level 8.4 Spellcasting
 - Level 6.0 Conjurations
 * Level 11.2 Fire Magic
 * Level 15.2 Air Magic


You had 10 spell levels left.
You knew the following spells:

 Your Spells              Type           Power      Damage    Failure   Level
a - Shock                 Conj/Air       100%       1d9       1%          1
b - Static Discharge      Conj/Air       100%       2-7/arc   1%          2
c - Swiftness             Air            94%        N/A       0%          3
d - Airstrike             Air            47%        2d(7-23)  1%          4
e - Plasma Beam           Fire/Air       44%        2x1d63    1%          6
f - Sublimation of Blood  Necr           16%        N/A       4%          2

Your spell library contained the following spells:

 Spells                   Type           Power      Damage    Failure   Level
 Olgreb's Toxic Radiance  Pois           16%        N/A       8%          4
 Foxfire                  Conj/Fire      100%       2x1d9     1%          1
 Scorch                   Fire           100%       2d9       1%          2
 Hailstorm                Conj/Ice       39%        3d9       1%          3
 Flame Wave               Conj/Fire      70%        2d16      1%          4
 Summon Lightning Spire   Summ/Air       66%        N/A       1%          4
 Fireball                 Conj/Fire      35%        3d15      1%          5
 Slow                     Hex            64%        N/A       3%          1
 Starburst                Conj/Fire      35%        6d10      3%          6
 Ensorcelled Hibernation  Hex/Ice        32%        N/A       4%          2
 Irradiate                Conj/Tmut      19%        3d18      7%          5
 Gell's Gravitas          Tloc           16%        N/A       9%          3
 Spider Form              Tmut/Pois      16%        N/A       9%          3
 Teleport Other           Tloc           16%        N/A       9%          3
 Lee's Rapid Deconstruct  Erth           8%         3d7*      21%         5
 Anguish                  Hex/Necr       8%         N/A       28%         4
 Animate Armour           Summ/Erth      32%        N/A       28%         4
 Ice Form                 Ice/Tmut       16%        N/A       28%         4
 Leda's Liquefaction      Hex/Erth       8%         N/A       28%         4
 Petrify                  Tmut/Erth      16%        N/A       28%         4
 Iron Shot                Conj/Erth      19%        9d4       32%         6
 Blade Hands              Tmut           8%         N/A       63%         5
 Dispersal                Tloc           8%         N/A       99%         6
 Simulacrum               Ice/Necr       8%         N/A       99%         6
 Statue Form              Tmut/Erth      10%        N/A       99%         6
 Summon Cactus Giant      Summ           8%         N/A       99%         6
 Dragon Form              Tmut           8%         N/A       100%        7
 Discord                  Hex            8%         N/A       100%        8


Dungeon Overview and Level Annotations

Branches:
Dungeon (12/15)            Temple (1/1) D:4            Lair (4/5) D:8
 Shoals (0/4) Lair:2       Spider (0/4) Lair:2          Orc (0/2) D:10
Ossuary (visited)         Gauntlet (visited)
  Slime: Lair:4-5

Altars:
Ashenzari
Cheibriados
Dithmenos
Elyvilon
Fedhas
Gozag
Hepliaklqana
Kikubaaqudgha
Nemelex Xobeh
Qazlal
Ru
Sif Muna
Trog
Uskayaw
Vehumet
Xom
Yredelemnul
Zin
The Shining One

Annotations:
D:8 1 runed translucent door, Keeumabr's ghost, novice GnWn
D:9 2 transporters


Innate Abilities, Weirdness & Mutations

You have a beak for a mouth.
You have claws for feet.
Your magical nature lets you fly swiftly and evasively.


Message History

The wolf bites you. You block the wolf's attack.
You take 16 damage, and have 23/76 hp.
MASSIVE DAMAGE!!
You now have 3/26 mp.
You block the wolf's attack. The wolf closely misses you.
You block the wolf's attack. The wolf bites you.
* * * LOW HITPOINT WARNING * * *
You fly upwards.
There is a stone staircase leading down here.
You take 5 damage, and have 18/76 hp.
You regained 2 mp, and now have 5/26 mp.
Casting: Static Discharge (safe; 1% risk of failure)
Confirm with . or Enter, or press ? or * to list all spells.
The wolf is struck by an arc of lightning.
The wolf is heavily wounded.
You are struck by an arc of lightning.
* * * LOW HITPOINT WARNING * * *
The wolf is struck by an arc of lightning!
The wolf is severely wounded.
You are struck by an arc of lightning.
* * * LOW HITPOINT WARNING * * *
The wolf is struck by an arc of lightning.
The wolf is almost dead.
The lightning grounds out.
The wolf bites you but does no damage. The wolf barely misses you.
The wolf bites you but does no damage.
The wolf closely misses you. x3; The wolf barely misses you. x2
You take 5 damage, and have 13/76 hp.
You now have 3/26 mp.
Casting: Static Discharge (safe; 1% risk of failure)
Confirm with . or Enter, or press ? or * to list all spells.
The wolf is struck by an arc of lightning.
The wolf is moderately wounded.
You are struck by an arc of lightning.
* * * LOW HITPOINT WARNING * * *
The lightning grounds out.
The wolf is struck by an arc of lightning.
You kill the wolf!
Vehumet accepts your kill.
You are struck by an arc of lightning.
* * * LOW HITPOINT WARNING * * *
The lightning grounds out.
The wolf misses you. The wolf bites you but does no damage. The wolf bites you.
You die...

..........#.............#####.#.#
........................###..###.
..........#....##..###...........
...............##### ##..........
...#^##........## ##..........
..).............# ####...#.#####.
...............####.##...........
...............h#h#..#..P......#.
.............)..@...............∩
.................h...............
...P#.P##.##.....................
.#######.###.....................
.### ######................##....
..P###...#............)..........
.................................
#####...######.##..P###.P##.#####
##### ######## #######


You could see 3 wolves.

Vanquished Creatures
  A minotaur (Gauntlet)
  A hydra (Lair:2)
  A catoblepas (Lair:1)
  2 two-headed ogres
  A death scarab (Gauntlet)
  2 skysharks (Lair:2)
  An orb spider (Lair:2)
  A manticore (D:11)
  3 elephants (Lair:3)
  3 black mambas
  A rime drake (Lair:2)
  7 cane toads
  A kobold demonologist (D:9)
  7 komodo dragons
  An ice devil (Gauntlet)
  2 trolls
  2 polar bears
  Grinder (D:6)
  4 blink frogs (Lair:2)
  6 shadows (Gauntlet)
  3 spriggans
  6 yaks
  Eustachio (D:6)
  A wyvern (Lair:2)
  A wraith (D:11)
  2 basilisks (Lair:2)
  A steam dragon (D:7)
  A spectral cane toad (Gauntlet)
  An acid dragon (D:11)
  5 water moccasins
  8 orc warriors
  4 black bears
  3 ice beasts
  2 sky beasts (D:8)
  An ogre (D:10)
  13 wolves
  3 centaurs
  A phantom (D:4)
  4 kobold brigands
  3 wyvern zombies (D:7)
  10 bullfrogs
  3 scorpions
  7 gnoll sergeants
  A necrophage (D:7)
  11 killer bees
  5 howler monkeys
  3 centaur zombies
  2 jellies
  3 human zombies
  4 orc priests
  3 hounds
  5 iguanas
  A sleepcap (D:7)
  7 orc wizards
  A killer bee zombie (D:7)
  6 mummies
  A howler monkey zombie (D:7)
  17 gnolls
  12 adders
  4 river rats (D:3)
  2 shadow imps
  6 white imps
  5 worms
  2 dart slugs (D:1)
  30 orcs
  8 endoplasms
  A giant cockroach (D:1)
  12 goblins
  8 hobgoblins
  6 jackals
  17 kobolds
  5 quokkas
  6 ball pythons
  6 bats
  2 frilled lizards
  2 kobold zombies (Ossuary)
  3 orc zombies (Ossuary)
  5 rats
  A spectral kobold (D:2)
345 creatures vanquished.

Vanquished Creatures (others)
  58 fungi
  79 plants
137 creatures vanquished.

Grand Total: 482 creatures vanquished

Notes
Turn   | Place    | Note
-------+----------+-------------------------------------------
     0 | D:1      | jasper the Tengu Air Elementalist began the quest for the
                  | Orb.
     0 | D:1      | Reached XP level 1. HP: 10/10 MP: 4/4
   398 | D:1      | Reached XP level 2. HP: 15/15 MP: 4/6
   401 | D:1      | Learned a level 2 spell: Static Discharge
   989 | D:1      | Reached XP level 3. HP: 19/19 MP: 3/7
   993 | D:1      | Learned a level 3 spell: Swiftness
  1620 | D:2      | Identified the +5 mace "Xetughof" {flame, Fragile Str-2
                  | Int+7 SInv}
  2008 | D:2      | Found a faded altar of an unknown god.
  2106 | D:2      | Identified the +8 sling "Itiacsez" {elec, Fragile rC+ Will+
                  | MP+9}
  2579 | D:3      | Reached XP level 4. HP: 24/24 MP: 7/9
  2656 | D:3      | Noticed a centaur
  2668 | D:4      | Noticed a scorpion
  2672 | D:4      | Killed a scorpion
  2673 | D:4      | Reached skill level 5 in Air Magic
  2673 | D:4      | Gained mutation: Your magical nature lets you fly swiftly
                  | and evasively. [Tengu growth]
  2673 | D:4      | Reached XP level 5. HP: 10/28 MP: 4/10
  2678 | D:4      | Learned a level 4 spell: Airstrike
  3220 | D:4      | Found a staircase to the Ecumenical Temple.
  3229 | Temple   | Entered the Ecumenical Temple
  3382 | D:4      | Noticed a phantom
  3389 | D:4      | Killed a phantom
  3390 | D:4      | Reached XP level 6. HP: 23/32 MP: 3/12
  3472 | D:4      | Reached skill level 6 in Air Magic
  3725 | D:4      | Reached skill level 5 in Conjurations
  3795 | D:4      | Reached XP level 7. HP: 33/36 MP: 8/14
  4363 | D:4      | Found a shimmering blue altar of Sif Muna.
  4677 | D:3      | Reached skill level 7 in Air Magic
  5568 | D:5      | Entered Level 5 of the Dungeon
  5611 | D:5      | Reached skill level 1 in Fighting
  5769 | D:5      | Found an opulent altar of Gozag.
  5802 | D:5      | Found a sand-covered staircase.
  5807 | Ossuary  | Entered an ossuary
  5848 | Ossuary  | Reached XP level 8. HP: 40/43 MP: 7/16
  5927 | Ossuary  | Learned a level 6 spell: Plasma Beam
  6060 | Ossuary  | Reached skill level 8 in Air Magic
  6523 | D:5      | Reached skill level 5 in Spellcasting
  6523 | D:5      | Reached skill level 1 in Fire Magic
  7495 | D:6      | Noticed Eustachio
  7508 | D:6      | Killed Eustachio
  7509 | D:6      | Reached skill level 9 in Air Magic
  7669 | D:6      | Reached XP level 9. HP: 26/49 MP: 11/18
  7762 | D:6      | Got the Discursus on the Unfortunate Fjord
  8127 | D:6      | Noticed Grinder
  8129 | D:6      | Paralysed by Grinder for 5 turns
  8134 | D:6      | Killed Grinder
  8665 | D:7      | Reached skill level 10 in Air Magic
  8851 | D:7      | Found a glowing golden altar of the Shining One.
  8879 | D:7      | Reached skill level 5 in Fire Magic
  8977 | D:7      | Noticed a two-headed ogre
  9006 | D:7      | Killed a two-headed ogre
  9007 | D:7      | Reached skill level 5 in Dodging
  9134 | D:7      | Found a bloodstained altar of Trog.
  9294 | D:7      | Found a basalt altar of Yredelemnul.
  9302 | D:7      | Reached XP level 10. HP: 23/56 MP: 11/20
  9617 | D:7      | Reached skill level 11 in Air Magic
  9864 | D:8      | Found a white marble altar of Elyvilon.
  9938 | D:8      | Found a shimmering altar of Xom.
 10230 | D:8      | Found a staircase to the Lair.
 10410 | D:8      | Identified the +3 robe of the New World {Int+3}
 10470 | D:8      | Found a radiant altar of Vehumet.
 10474 | D:8      | Became a worshipper of Vehumet
 10628 | D:8      | Noticed a manticore
 10629 | D:8      | Found a transporter.
 10630 | D:8      | Noticed a boulder beetle
 10630 | D:8      | Found the +10 morningstar "Eos" {elec, Halo rElec}
 10659 | D:8      | Noticed a deep elf pyromancer
 10661 | D:8      | Found a transporter.
 10737 | D:8      | Found a runed translucent door.
 10747 | D:8      | Noticed Keeumabr's ghost (novice GnWn)
 11175 | D:8      | Identified the ring of Reimbursement {rCorr Str+4 Int+6
                  | Stlth-}
 11371 | D:9      | Noticed a kobold demonologist
 11372 | D:9      | Killed a kobold demonologist
 11403 | D:9      | Reached skill level 12 in Air Magic
 11551 | D:9      | Found a hazy altar of Hepliaklqana.
 11608 | D:9      | Found a sacrificial altar of Ru.
 11615 | D:9      | Reached * piety under Vehumet
 11615 | D:9      | Offered knowledge of Magic Dart by Vehumet.
 11645 | D:9      | Reached skill level 5 in Fighting
 11714 | D:9      | Found an ancient bone altar of Kikubaaqudgha.
 11836 | D:9      | Noticed a two-headed ogre
 11853 | D:9      | Killed a two-headed ogre
 11954 | D:9      | Found a transporter.
 12160 | D:9      | Found a transporter.
 12209 | D:10     | Entered Level 10 of the Dungeon
 12223 | D:10     | Reached XP level 11. HP: 7/64 MP: 17/22
 12533 | D:10     | Found a staircase to the Orcish Mines.
 12626 | D:10     | Reached ** piety under Vehumet
 12978 | D:10     | Offered knowledge of Kiss of Death by Vehumet.
 13052 | D:10     | Noticed a two-headed ogre
 13053 | D:10     | Noticed a catoblepas
 13055 | D:10     | Noticed a boulder beetle
 13055 | D:10     | Noticed a two-headed ogre
 13135 | D:11     | Reached skill level 1 in Shields
 13242 | D:11     | Noticed a manticore
 13247 | D:11     | Killed a manticore
 13437 | D:11     | Noticed a green ugly thing
 13437 | D:11     | Noticed a deep elf pyromancer
 13439 | D:11     | Noticed a six-headed hydra
 13442 | D:11     | Noticed a deep elf pyromancer
 13443 | D:11     | Noticed a deep elf knight
 13487 | D:11     | Noticed a centaur warrior
 14073 | Lair:1   | Entered Level 1 of the Lair of Beasts
 14074 | Lair:1   | Noticed a catoblepas
 14078 | Lair:1   | Killed a catoblepas
 14091 | Lair:1   | Reached skill level 5 in Shields
 14350 | Lair:1   | Reached skill level 13 in Air Magic
 14530 | Lair:1   | Learned a level 2 spell: Sublimation of Blood
 14949 | Lair:2   | Noticed a six-headed hydra
 14952 | Lair:2   | Killed a six-headed hydra
 14953 | Lair:2   | Reached XP level 12. HP: 70/70 MP: 13/24
 14976 | Lair:2   | Found a staircase to the Shoals.
 15069 | Lair:2   | Found a hole to the Spider Nest.
 15088 | Lair:2   | Noticed a skyshark
 15090 | Lair:2   | Killed a skyshark
 15132 | Lair:2   | Noticed a skyshark
 15136 | Lair:2   | Killed a skyshark
 15300 | Lair:2   | Offered knowledge of Poisonous Vapours by Vehumet.
 15384 | Lair:2   | Reached skill level 14 in Air Magic
 15502 | Lair:2   | Reached skill level 10 in Fire Magic
 16269 | Lair:3   | Reached *** piety under Vehumet
 16516 | Lair:3   | Found a gate leading to a gauntlet.
 16522 | Gauntlet | Entered a Gauntlet
 16522 | Gauntlet | Found a transporter.
 16528 | Gauntlet | Noticed a death scarab
 16532 | Gauntlet | Found a transporter.
 16547 | Gauntlet | Found a transporter.
 16552 | Gauntlet | Found a transporter.
 16567 | Gauntlet | Found a transporter.
 16586 | Gauntlet | Found a transporter.
 16598 | Gauntlet | Found a transporter.
 16610 | Gauntlet | Found a transporter.
 16622 | Gauntlet | Found a transporter.
 16634 | Gauntlet | Found a transporter.
 16638 | Gauntlet | Noticed a hell beast
 16640 | Gauntlet | Found a transporter.
 16640 | Gauntlet | Found a transporter.
 16679 | Gauntlet | Found a transporter.
 16706 | Gauntlet | Found a transporter.
 16724 | Gauntlet | Found a transporter.
 16726 | Gauntlet | Found a transporter.
 16804 | Gauntlet | Found a transporter.
 16815 | Gauntlet | Noticed a balrug
 16824 | Gauntlet | Found a transporter.
 16932 | Gauntlet | Killed a death scarab
 17181 | Gauntlet | Identified the ring "Cityol" {Will+ Int+4 Dex-2 SInv}
 17212 | Gauntlet | Identified the +5 great mace of Molajao {spect, rF+ rCorr}
 17212 | Gauntlet | Noticed a minotaur
 17215 | Gauntlet | Killed a minotaur
 17466 | Lair:3   | Offered knowledge of Olgreb's Toxic Radiance by Vehumet.
 17548 | Lair:3   | Reached XP level 13. HP: 76/76 MP: 9/26
 17561 | Lair:3   | Reached skill level 15 in Air Magic
 18173 | Lair:3   | HP: 2/76 [/static electricity (5)]
 18173 | Lair:3   | Slain by a wolf

Illustrated notes

Levels and vault maps discovered:
D:1:      scummos_arrival_simple_fountains, layout_basic
D:2:      layout_basic, dreamdust_ecumenical_altar_drowned_temple
D:3:      layout_loops_ring, lightli_sewer_entry_pipes
D:4:      minmay_clustersquares, layout_basic, nicolae_overflow_hidden_temple,
          minmay_temple_entry_slanted
D:5:      layout_gridville, nicolae_gozag_seed_capital, enter_ossuary_2,
          hangedman_abyss_or_decor_passed, reono_crystal_passage,
          minmay_misc_feat_rugged
D:6:      layout_rooms, uniq_eustachio, uniq_grinder
D:7:      layout_rooms, lemuel_doored_altar, lemuel_mausoleum_altar_yredelemnul,
          nicolae_tso_swordbearing_angel, palyth_stone_intersect,
          minmay_misc_feat_alley
D:8:      gammafunk_sealed_arena, layout_basic, elyvilon_altar_5,
          vehumet_crystals, mainiacjoe_overflow_cross_hatched,
          due_lair_maze_entry_diamond, hellmonk_ghost_happy_afterlife,
          minmay_misc_feat_diagonals, minmay_manual_monstrance
D:9:      gammafunk_beogh_shrine, layout_loops_cross,
          nicolae_ru_great_annihilating_truth,
          mainiacjoe_overflow_surrounded_room,
          mainiacjoe_overflow_concentric_impassable
D:10:     minmay_roctagon, layout_loops_ring,
          nicolae_wu_jian_immortal_techniques, mainiacjoe_overflow_alcove_1,
          kennysheep_orc_monster_closet_entryway, uniq_erolcha
D:11:     layout_stronghold, onia_ninara_dug_in_and_dangerous
D:12:     layout_stronghold, st_stairs_6, hangedman_decor_push,
          hangedman_decor_riveting
Temple:   hellmonk_temple_beads
Lair:1:   layout_chaotic_city, grunt_forest_small_clearings
Lair:2:   layout_small_grid, shoals_dummy_entry,
          nicolae_spider_entry_orb_guardian, forest_entry_grove
Lair:3:   beargit_carnivore_pack, layout_chaotic_city, gauntlet_entry_generic,
          grunt_forest_stairs_clearing
Lair:4:   layout_cellular_growth, minmay_shattered_shrine

Skill      XL: |  1  2  3  4  5  6  7  8  9 10 11 12 13 |
---------------+----------------------------------------+-----
Conjurations   | 2 3 4 5 6 |  6.0
Spellcasting   | 3 4 5 6 7 8 |  8.4
Air Magic      | 5 6 7 9 10 12 13 14 15 | 15.2
Fighting       | 1 2 4 5 6 7 |  7.3
Dodging        | 4 5 6 7 8 |  8.5
Fire Magic     | 3 5 8 9 10 11 | 11.2
Shields        | 6 |  6.0
Stealth        | |  2.0

Action                     |  1- 3 |  4- 6 |  7- 9 | 10-12 | 13-15 || total
---------------------------+-------+-------+-------+-------+-------++-------
  Melee: Unarmed           |     2 |       |       |       |       ||     2
         Dagger            |     2 |       |       |       |       ||     2
         Kick              |     1 |       |     1 |     2 |       ||     4
         Mace              |       |     1 |     3 |     4 |       ||     8
         Peck              |       |       |     1 |     3 |       ||     4
   Cast: Shock             |    73 |    63 |   235 |   206 |       ||   577
         Static Discharge  |       |    10 |    42 |    52 |     3 ||   107
         Airstrike         |       |       |    15 |    99 |       ||   114
         Plasma Beam       |       |       |       |    49 |    12 ||    61
         Swiftness         |       |       |       |     1 |       ||     1
  Evoke: Wand              |       |       |       |     3 |       ||     3
    Use: Scroll            |     8 |       |    10 |    12 |       ||    30
         Potion            |       |     1 |       |     5 |       ||     6
 Armour: Robe              |     3 |     3 |    18 |    30 |     4 ||    58
  Dodge: Dodged            |     9 |     5 |    51 |   116 |    16 ||   197
  Block: Buckler           |       |       |       |    13 |    10 ||    23

Table legend: (Time is in decaauts)
 A = Elapsed time spent in this place.
 B = Non-inter-level travel time spent in this place.
 C = Inter-level travel time spent in this place.
 D = Time resting spent in this place.
 E = Time spent auto-exploring this place.
 F = Levels seen in this place.
 G = Mean time per level.
                   A        B        C        D        E       F      G
               +--------+--------+--------+--------+--------+-----+--------+
         Total |  17367 |  16877 |    490 |    875 |  14027 |  19 |  914.1 |
       Dungeon |  12856 |  12523 |    333 |    612 |  10527 |  12 | 1071.3 |
        Temple |    103 |     93 |     10 |      0 |     83 |   1 |  103.0 |
          Lair |   3176 |   3031 |    145 |    217 |   2538 |   4 |  794.0 |
       Ossuary |    568 |    568 |      0 |     31 |    435 |   1 |  568.0 |
      Gauntlet |    662 |    662 |      0 |     15 |    442 |   1 |  662.0 |
               +--------+--------+--------+--------+--------+-----+--------+

Top non-repeatable levels by time:
     D:4: 1688 daAuts
  Lair:2: 1454 daAuts
     D:7: 1385 daAuts
     D:8: 1359 daAuts
     D:1: 1321 daAuts
     D:2: 1204 daAuts
     D:3: 1113 daAuts
     D:5: 1098 daAuts
     D:6: 1067 daAuts
  Lair:3: 906 daAuts
     D:9: 901 daAuts
    D:10: 898 daAuts
    D:11: 815 daAuts
  Lair:1: 808 daAuts
Gauntlet: 662 daAuts
